Map: New Repugnancy LE

Players

Epic

  • Race: Terran Terran
  • League: Grandmaster
  • Spawn Location: 1:00

ExpecT - Winner!

  • Race: Terran Terran
  • Spawn Location: 7:00

Event: 2019 WCS Winter Americas

VOD

Have the link to the VOD?

Description

Time

  • Played on: Feb. 1, 2019, 1:21 p.m.
  • Length: 12:27

All games in this series

Show
View Real Time Build Order
Export as new Build Order

Epic Terran 

Build Orders:  

Get SALT Encoding   

  12  0:00  SCV  
  13  0:13  SCV  
  14  0:17  Supply Depot  
  14  0:25  SCV  
  14  0:28  Refinery  
  15  0:38  SCV  
  16  0:44  Barracks  
  16  0:50  SCV  
  16  0:55  Refinery  
  17  1:03  SCV  
  18  1:15  SCV  
  19  1:32  Reaper, Orbital Command  
  20  1:38  Factory  
  20  1:51  Supply Depot  
  20  1:57  SCV  
  21  2:04  Reaper  
  22  2:09  SCV  
  23  2:21  SCV  
  26  2:23  Hellion  
  26  2:33  Command Center  
  26  2:34  SCV  
  27  2:38  Reaper  
  30  2:44  Hellion  
  30  2:48  Supply Depot  
  31  2:51  SCV  
  31  3:01  Starport  
  31  3:08  Factory Tech Lab  
  31  3:09  SCV  
  31  3:10  Barracks Reactor  
  32  3:22  SCV  
  33  3:33  Factory Tech Lab  
  32  3:35  Refinery  
  32  3:36  SCV  
  33  3:46  Orbital Command  
  31  3:48  SCV  
  31  3:53  Siege Tank  
  31  3:55  Marine x2  
  35  4:00  SCV  
  31  4:04  Raven  
  32  4:12  Marine  
  32  4:13  Marine  
  34  4:18  SCV x2  
  36  4:25  Cyclone  
  36  4:30  Marine x2  
  41  4:34  SCV x2  
  42  4:44  Supply Depot  
  42  4:46  SCV x2  
  44  4:55  Viking x2  
  44  4:58  SCV x2  
  50  5:02  Siege Tank  
  53  5:10  SCV x2  
  55  5:20  Supply Depot  
  55  5:23  SCV x2  
  55  5:25  Viking x2  
  61  5:31  Supply Depot  
  61  5:35  SCV  
  62  5:40  Supply Depot  
  62  5:42  SCV, Siege Tank  
  66  5:47  SCV  
  67  5:51  Command Center  
  67  5:55  Viking  
  69  5:58  Viking  
  69  6:02  Marine  
  69  6:04  SCV x2  
  71  6:10  Stimpack  
  71  6:16  SCV x2  
  73  6:18  Supply Depot  
  73  6:23  Siege Tank  
  73  6:25  Marine  
  77  6:30  SCV x2  
  79  6:34  Refinery  
  79  6:35  Viking  
  81  6:40  Supply Depot  
  81  6:42  SCV x2, Viking  
  81  6:43  Marine  
  86  6:57  Siege Tank  
  86  6:59  SCV x2  
  91  7:04  Barracks  
  91  7:06  Orbital Command, Barracks  
  91  7:08  Viking  
  84  7:17  SCV x2  
  76  7:28  Viking  
  78  7:30  SCV x2  
  78  7:31  Orbital Command  
  77  7:38  Viking, Engineering Bay, Orbital Command, Siege Tank  
  77  7:41  Engineering Bay  
  81  7:46  SCV x2  
  74  7:53  Barracks Reactor, Barracks  
  74  7:54  Barracks Reactor  
  74  7:55  Barracks  
  74  7:58  SCV x2  
  76  8:04  Marine  
  77  8:06  Supply Depot  
  77  8:07  Terran Infantry Weapons Level 1  
  77  8:09  SCV, Terran Infantry Armor Level 1  
  78  8:13  Refinery  
  78  8:14  Siege Tank  
  78  8:15  Refinery  
  81  8:21  Combat Shield  
  81  8:24  SCV x3  
  81  8:26  Supply Depot  
  84  8:27  Supply Depot  
  84  8:28  Marine  
  84  8:31  Viking  
  87  8:35  Viking  
  87  8:37  SCV  
  87  8:38  SCV x2, Missile Turret  
  87  8:41  Barracks Reactor  
  92  8:43  Barracks Reactor  
  92  8:44  Missile Turret  
  92  8:45  Marine x4  
  92  8:46  Marine  
  97  8:54  Siege Tank  
  94  9:03  SCV x3  
  94  9:05  Marine x5  
  91  9:17  Factory  
  91  9:21  Marine x4  
  91  9:22  Refinery  
  91  9:23  Liberator, Marine x5  
  99  9:31  Viking  
  103  9:38  Marine  
  103  9:39  Marine x3  
  103  9:40  Marine x2  
  103  9:41  Marine x3  
  103  9:44  Supply Depot  
  103  9:45  Armory  
  110  9:56  Siege Tank, Marine x2  
  110  9:57  Marine x2  
  110  9:58  Marine x2  
  109  10:23  SCV x2  
  111  10:30  Marine x2  
  111  10:31  Orbital Command, Marine x3  
  113  10:44  SCV x2  
  113  10:48  Medivac x2, Siege Tank  
  122  10:56  SCV x2  
  124  11:01  Factory, Marine x6  
  130  11:10  Marine x3  
  133  11:19  Supply Depot  
  133  11:20  Supply Depot  
  133  11:21  Supply Depot  
  133  11:25  Marine x2  
  133  11:26  Medivac, Marine x2  
  133  11:27  Marine x2  
  104  11:35  Siege Tank  
  95  11:41  Marine x3  
  95  11:43  Marine x2  
  95  11:44  Factory Tech Lab, Marine  
  95  11:45  Command Center  
  101  11:47  Marine x3  
  104  11:59  Marine x2  
  113  12:09  Marine x7  
Show
View Real Time Build Order
Export as new Build Order

ExpecT Terran - Winner!

Build Orders:  

Get SALT Encoding   

  12  0:01  SCV  
  13  0:13  SCV  
  14  0:17  Supply Depot  
  14  0:25  SCV  
  15  0:29  Refinery  
  15  0:39  SCV  
  16  0:45  Barracks  
  16  0:51  SCV  
  16  0:55  Refinery  
  17  1:05  SCV  
  18  1:17  SCV  
  19  1:32  Orbital Command  
  19  1:33  Reaper  
  19  1:35  Factory  
  20  1:45  Supply Depot  
  20  1:58  SCV  
  21  2:05  Reaper  
  22  2:10  SCV  
  23  2:20  Hellion  
  23  2:22  SCV  
  26  2:29  Command Center  
  26  2:35  SCV  
  27  2:37  Reaper  
  27  2:43  Hellion  
  30  2:46  Supply Depot  
  30  2:48  SCV  
  31  2:58  Starport  
  31  3:07  Factory Tech Lab  
  31  3:08  SCV  
  31  3:11  Barracks Reactor  
  32  3:20  SCV  
  32  3:27  Cyclone, Supply Depot  
  36  3:42  SCV  
  37  3:54  Marine x2  
  39  3:55  Orbital Command  
  39  4:00  SCV  
  40  4:08  Factory Tech Lab  
  40  4:09  Raven  
  42  4:12  SCV  
  42  4:14  Command Center  
  43  4:19  Marine x2  
  45  4:24  SCV x2  
  45  4:30  Siege Tank  
  46  4:39  SCV  
  46  4:40  SCV  
  46  4:41  Marine x2  
  50  4:56  SCV x2  
  50  4:57  Barracks  
  50  4:58  Starport Reactor, Barracks  
  52  5:00  Marine x2  
  52  5:05  Refinery  
  52  5:06  Refinery  
  54  5:08  SCV x2  
  54  5:10  Siege Tank  
  59  5:20  SCV x2, Marine x2  
  62  5:28  Engineering Bay x2  
  60  5:29  Orbital Command  
  60  5:33  SCV x2  
  62  5:45  SCV x2, Starport Reactor  
  62  5:47  Stimpack  
  62  5:48  Siege Tank  
  66  5:57  SCV  
  66  5:58  Marine x3  
  66  6:01  Marine x2  
  66  6:02  SCV x2  
  74  6:06  Orbital Command  
  74  6:08  Terran Infantry Weapons Level 1, Terran Infantry Armor Level 1  
  74  6:09  SCV  
  75  6:18  SCV  
  76  6:21  SCV  
  76  6:22  Supply Depot x2  
  76  6:25  Medivac x2, Siege Tank  
  84  6:31  Marine  
  85  6:43  SCV x3, Marine x4  
  85  6:45  Supply Depot x2  
  88  6:55  SCV x2  
  88  6:56  SCV  
  91  7:02  Siege Tank  
  94  7:10  SCV x2  
  90  7:16  SCV, Marine x2  
  90  7:21  Marine x2  
  90  7:22  SCV  
  87  7:27  Marine  
  87  7:29  Medivac x2  
  81  7:32  SCV x2  
  81  7:34  Siege Tank, Marine x2  
  88  7:39  Marine x2  
  88  7:48  SCV x2  
  88  7:49  SCV, Marine  
  89  7:51  Marine  
  89  7:52  Marine  
  89  7:57  Marine x2  
  93  7:59  Barracks  
  93  8:00  Barracks, Refinery  
  93  8:02  SCV  
  93  8:03  SCV x2  
  96  8:06  Combat Shield  
  96  8:08  Marine  
  96  8:09  Marine x2  
  99  8:14  Sensor Tower  
  99  8:15  Supply Depot, Marine x2  
  99  8:18  Siege Tank  
  104  8:22  SCV x3  
  104  8:25  Marine  
  108  8:27  Marine  
  108  8:28  Armory  
  108  8:29  Supply Depot  
  108  8:32  Refinery x2  
  109  8:35  Missile Turret  
  109  8:37  Marine x3  
  109  8:38  Supply Depot  
  112  8:43  Marine  
  112  8:44  Medivac x2  
  117  8:48  Barracks Reactor  
  117  8:49  Barracks Reactor  
  117  8:50  Marine  
  117  8:54  Marine x3  
  121  9:01  Marine  
  117  9:08  Marine  
  116  9:12  Marine x3  
  116  9:13  Medivac  
  116  9:14  Medivac  
  116  9:16  Barracks  
  114  9:18  Barracks  
  114  9:19  Marine  
  115  9:27  Terran Infantry Weapons Level 2, Terran Infantry Armor Level 2  
  115  9:28  Command Center, Marine  
  115  9:29  Marine  
  117  9:34  Marine x2  
  117  9:35  Marine x2  
  117  9:36  Marine x2  
  115  9:39  Siege Tank  
  118  9:47  Marine x3  
  118  9:52  Medivac x2, Marine x3  
  123  9:53  Marine x2  
  123  9:54  Marine  
  131  10:01  Supply Depot  
  131  10:02  Supply Depot  
  131  10:03  Terran Vehicle And Ship Armor Level 1  
  131  10:04  Supply Depot  
  131  10:05  Marine x2  
  133  10:13  Barracks Reactor x2  
  133  10:14  Marine x2  
  133  10:16  Marine x3  
  133  10:18  Marine x2  
  133  10:23  Marine x2  
  135  10:32  Marine x2  
  135  10:33  Marine x2  
  135  10:34  Marine  
  136  10:36  Marine x2  
  136  10:41  Marine x2  
  138  10:44  Medivac x2  
  138  10:49  Marine  
  143  10:50  Marine x2  
  143  10:51  Marine x2  
  143  10:52  Marine  
  143  10:54  Marine  
  149  10:57  Marine x3  
  149  10:58  Marine  
  149  10:59  Marine x2  
  149  11:01  Siege Tank  
  158  11:05  Factory  
  158  11:07  Marine  
  158  11:08  Marine x2  
  158  11:09  Marine  
  158  11:10  Marine  
  158  11:11  Marine x2  
  147  11:14  Medivac x2  
  147  11:15  Marine  
  147  11:17  Marine x2  
  155  11:20  Marine  
  155  11:23  Marine x2  
  155  11:24  Marine  
  159  11:26  Marine  
  159  11:28  Marine  
  159  11:31  Marine  
  142  11:32  Marine  
  142  11:33  Marine x2  
  142  11:34  Planetary Fortress  
  142  11:39  Missile Turret  
  141  11:40  Marine  
  141  11:41  Siege Tank  
  141  11:42  Marine  
  141  11:44  Medivac x2  
  141  11:45  Marine  
  151  11:47  Marine x4  
  155  11:58  Marine x4, Factory Tech Lab  
  155  11:59  Marine x3  
Tags
 
Add a new tag
Caveats
  • Supply blocks, unpowered buildings, or Contaminate may cause inaccurate times.
  • Supply counts are checked every 10 seconds.